 Dungeon Crawl Stone Soup version 0.31.0-11-ge490571c62 (webtiles) character file.

Game seed: 3761870683570694319

118 monsoonserge the Covert (level 4, -4/23 HPs)
             Began as a Spriggan Delver on Jan 30, 2024.
             Slain by Grinder (6 damage)
             ... on level 4 of the Dungeon.
             The game lasted 00:08:18 (1765 turns).

monsoonserge the Covert (Spriggan Delver)           Turns: 1765, Time: 00:08:18

Health: -4/23      AC:  2    Str:  8    XL:     4   Next: 72%
Magic:  5/5        EV: 19    Int: 11    God:
Gold:   204        SH:  0    Dex: 24    Spells: 3/3 levels left

rFire   . . .        a - +0 short sword
rCold   + . .        (no shield)
rNeg    . . .        b - +0 robe
rPois   .            (helmet restricted)
rElec   .            (no cloak)
rCorr   .            (gloves unavailable)
SInv    +            (boots unavailable)
Will    .....        (no amulet)
Stlth   +++++        j - +6 ring of dexterity
HPRegen 0.23/turn    w - ring of protection from cold
MPRegen 0.09/turn

%: no passive effects
@: attractive, hasted, very quick
A: very small, no large weapons, unfitting armour, see invisible, speed 3
a: no special abilities


You were on level 4 of the Dungeon.
You visited 1 branch of the dungeon, and saw 5 of its levels.

You collected 204 gold pieces.

Inventory:

Hand Weapons
 a - a +0 short sword (weapon)
Armour
 b - a +0 robe (worn)
Jewellery
 j - a +6 ring of dexterity (left hand)
 w - a ring of protection from cold (right hand)
Talismans
 k - a blade talisman
 r - a granite talisman
Wands
 g - a wand of digging (3)
 v - a wand of polymorph (14)
 x - a wand of charming (8)
Scrolls
 c - 4 scrolls of fog
 d - a scroll of revelation
 e - a scroll of fear
 m - 2 scrolls of identify {unknown}
 n - 3 scrolls of noise {unknown}
 q - 2 scrolls of silence {unknown}
 s - a scroll of enchant weapon {unknown}
 u - a scroll of teleportation {unknown}
Potions
 i - a potion of might {unknown}
 l - a potion of lignification {unknown}
 o - a potion of enlightenment {unknown}
 p - a potion of magic {unknown}
 t - a potion of brilliance {unknown}


   Skills:
 + Level 2.6 Fighting
 * Level 3.4 Short Blades
 + Level 3.0 Dodging
 + Level 9.1 Stealth
 * Level 0.6 Evocations


You had 3 spell levels left.
You didn't know any spells.
Your spell library contained the following spells:

 Spells                   Type           Power      Damage    Failure   Level
 Freeze                   Ice            0%         1d3       34%         1
 Frozen Ramparts          Ice            0%         1d1       71%         3
 Hailstorm                Conj/Ice       0%         3d5       71%         3


Dungeon Overview and Level Annotations

Branches:
Dungeon (5/15)
 Temple: D:4-7

Altars:
Xom

Annotations:
D:4 Grinder


Innate Abilities, Weirdness & Mutations

You are very small and have problems with some larger weapons.
You are too small for most types of armour.
You have supernaturally acute eyesight. (SInv)
You cover ground extremely quickly. (Speed+++)


Message History

You closely miss the hobgoblin.
The hobgoblin is severely wounded.
The hobgoblin misses you.
You closely miss the hobgoblin.
The hobgoblin is severely wounded.
The hobgoblin barely misses you.
You hit the hobgoblin.
You kill the hobgoblin!
You now have 200 gold pieces (gained 11).
You now have 204 gold pieces (gained 4).
A goblin comes into view. It is wielding a +0 dagger.
The helpless goblin fails to defend itself.
You perforate the goblin like a sieve!!!
You kill the goblin!
An orc wizard comes into view. It is wielding a +1 dagger of pain.
An orc wizard comes into view. It is wielding a +0 dagger.
Grinder comes into view.
The orc wizard shouts!
You hear a shout! x2; Grinder shouts!
You hear a shout!
An orc comes into view.
It is wielding a +0 whip. 2 orcs come into view.
The orc wizard shouts!
You barely miss the orc.
The orc wizard gestures at you while chanting.
The magic dart hits you!
The orc wizard mumbles some strange words.
The orc wizard flickers and vanishes for a moment.
You hit the orc but do no damage. You hit the orc but do no damage.
You feel yourself speed up.
You barely miss Grinder. Grinder hits you!
* * * LOW HITPOINT WARNING * * *
You writhe in agony.
* * * LOW HITPOINT WARNING * * *
You hit Grinder but do no damage. You closely miss Grinder. Grinder misses you.
It was a potion of attraction.
You feel attractive to monsters. Grinder hits you.
You die...
Grinder sighs, "Dead already?
I want a refund."

#.# #.# #.# #.# #.#
#.#
#.###########.#####
#.................#
#########...#.#.###
#.#.#.#.#
#.#)#.#.######
#@#...#......#
#5##########.#
#.ooo.oo..# #.#
#.#.#####.# #.#
...... #.# ### ###
####.# #....#
#.#### #.#


You could see Grinder, 2 orc wizards and an orc.

Vanquished Creatures
  A sleepcap (D:4)
  An adder (D:3)
  2 ribbon worms (D:2)
  5 dart slugs
  4 orcs (D:3)
  6 bats
  3 endoplasms
  3 giant cockroaches
  4 goblins
  8 hobgoblins
  4 jackals (D:2)
  3 kobolds
  A quokka (D:3)
  4 ball pythons
  4 frilled lizards
  6 rats
59 creatures vanquished.

Notes
Turn   | Place    | Note
-------+----------+-------------------------------------------
     0 | D:5      | monsoonserge the Spriggan Delver began the quest for the
                  | Orb.
     0 | D:5      | Reached XP level 1. HP: 11/11 MP: 2/2
    27 | D:4      | Noticed a scorpion
    92 | D:5      | Noticed an iguana
    94 | D:5      | Noticed a scorpion
   156 | D:3      | Reached XP level 2. HP: 16/16 MP: 3/3
   187 | D:3      | Reached skill level 8 in Stealth
   195 | D:3      | Found a shimmering altar of Xom.
   474 | D:3      | Reached XP level 3. HP: 17/19 MP: 4/4
   932 | D:1      | Reached skill level 9 in Stealth
  1211 | D:2      | Reached XP level 4. HP: 17/23 MP: 5/5
  1755 | D:4      | Noticed Grinder
  1762 | D:4      | HP: 1/23 [Grinder (5)]
  1765 | D:4      | Slain by Grinder

Illustrated notes

Levels and vault maps discovered:
D:1:      dreamdust_arrival_sigmund_warning, layout_basic
D:2:      layout_rooms, kennysheep_generic_room_12
D:3:      layout_loops_ring, old_standard_altar, minmay_increasing_density
D:4:      layout_basic, yredelemnul_altar_generic, glass_columns_b, uniq_grinder
D:5:      layout_loops_ring, nicolae_elyvilon_temple_path,
          eat_drink_and_be_merry_uskayaw, minmay_fountain_box, uniq_menkaure

Skill      XL: |  1  2  3  4 |
---------------+-------------+-----
Stealth        | 8 9 |  9.1
Dodging        | 3 |  3.0
Short Blades   | 3 |  3.4
Fighting       | |  2.6
Evocations     | |  0.6

Action                     |  1- 3 |  4- 6 || total
---------------------------+-------+-------++-------
  Melee: Short sword       |    85 |    64 ||   149
    Use: Potion            |       |     2 ||     2
   Stab: Sleeping          |    21 |     6 ||    27
 Armour: Robe              |    12 |    16 ||    28
  Dodge: Dodged            |    44 |    33 ||    77
